 Dungeon Crawl Stone Soup version 0.19-a0-20-g1ce5f50 (webtiles) character file.

182 tyvek the Poker (level 5, 0/42 HPs)
             Began as a Merfolk Skald on May 1, 2016.
             Slain by a crimson imp (2 damage)
             ... on level 3 of the Dungeon.
             The game lasted 00:06:59 (3310 turns).

tyvek the Poker (Merfolk Skald)                     Turns: 3310, Time: 00:07:00

Health: 0/42       AC:  5    Str: 13      XL:     5   Next: 61%
Magic:  1/8        EV: 13    Int: 11 (12) God:
Gold:   160        SH:  0    Dex: 13      Spells: 4 memorised, 0 levels left

rFire  . . .     SeeInvis .     a - +0 spear
rCold  . . .     Gourm    .     b - +1 leather armour
rNeg   . . .     Faith    .     (no shield)
rPois  .         Spirit   .     (no helmet)
rElec  .         Dismiss  .     (no cloak)
rCorr  .         Reflect  .     (no gloves)
SustAt .         Harm     .     k - +0 pair of boots
MR     .....                    (no amulet)
Stlth  +.........               (no ring)
                                m - ring of flight {+Fly, !d}

@: infused, not resistant to hostile enchantments, very unstealthy
A: change form in water, swift swim
a: Evoke Flight


You were on level 3 of the Dungeon.
You were not hungry.

You visited 1 branch of the dungeon, and saw 3 of its levels.

You collected 160 gold pieces.

Inventory:

Hand Weapons
 a - a +0 spear (weapon)
Armour
 b - a +1 leather armour (worn)
 k - a +0 pair of boots (worn)
   (You found it on level 2 of the Dungeon)
Jewellery
 m - a ring of flight (left hand) {+Fly, !d}
   (You found it on level 2 of the Dungeon)
Scrolls
 g - a scroll of teleportation
 h - 2 scrolls of identify
 j - a scroll of remove curse
 n - a scroll of fear
 p - a scroll of recharging
Potions
 e - a potion of haste
 f - 4 potions of heal wounds
Books
 c - a book of Battle
Comestibles
 d - 4 bread rations {@e1}
 i - a meat ration {@e2}


   Skills:
 + Level 3.7 Fighting
 + Level 4.4 Polearms
 - Level 0.6 Armour
 + Level 3.6 Dodging
 + Level 2.2 Spellcasting
 + Level 4.2 Charms


You couldn't memorise any spells.
You knew the following spells:

 Your Spells              Type           Power        Failure   Level  Hunger
a - Infusion              Chrm           ##..         10%         1    ##.....
r - Regeneration          Chrm/Necr      #.........   50%         3    ####...
s - Shroud of Golubria    Chrm/Tloc      #.........   24%         2    ###....
S - Song of Slaying       Chrm           ##......     12%         2    ###....


Dungeon Overview and Level Annotations

Branches:
Dungeon (3/15)

Altars:
Cheibriados
Gozag
Xom
Zin
The Shining One


Message History

The crimson imp closely misses you.
You barely miss the crimson imp.
The crimson imp hits you but does no damage.
You hit the crimson imp!
You now have 0/8 mp.
You closely miss the crimson imp.
You are no longer magically infusing your attacks.
The crimson imp misses you.
You hit the crimson imp. The crimson imp hits you.
* * * LOW HITPOINT WARNING * * *
You take 1 damage, and have 6/42 hp.
You closely miss the crimson imp. The crimson imp completely misses you.
You hit the crimson imp. The crimson imp hits you.
* * * LOW HITPOINT WARNING * * *
You take 2 damage, and have 4/42 hp.
You completely miss the crimson imp.
The crimson imp blinks!
You hit the crimson imp.
The crimson imp blinks!
The crimson imp hits you but does no damage.
You hit the crimson imp but do no damage.
The crimson imp hits you but does no damage.
You miss the crimson imp. You closely miss the crimson imp.
The crimson imp barely misses you.
You barely miss the crimson imp.
The crimson imp hits you but does no damage.
You miss the crimson imp. The crimson imp closely misses you.
You hit the crimson imp but do no damage.
The crimson imp barely misses you.
You closely miss the crimson imp. The crimson imp closely misses you.
You miss the crimson imp. The crimson imp closely misses you.
You hit the crimson imp but do no damage.
The crimson imp blinks!
The crimson imp blinks!
You begin infusing your attacks with magical energy.
You now have 1/8 mp.
You are too injured to fight recklessly!
You barely miss the crimson imp. The crimson imp hits you.
* * * LOW HITPOINT WARNING * * *
You take 2 damage, and have 5/42 hp.
You hit the crimson imp. The crimson imp misses you.
You now have 0/8 mp.
You barely miss the crimson imp. You barely miss the crimson imp.
The crimson imp shouts, "Leave, thou foppish tip-merry vassal!"
The crimson imp misses you.
You hit the crimson imp. The crimson imp barely misses you.
You closely miss the crimson imp. The crimson imp misses you.
You closely miss the crimson imp.
The crimson imp hits you but does no damage.
You hit the crimson imp.
The crimson imp shouts, "Bolt, thou beslubbering elf-skinned frater!"
The crimson imp completely misses you.
You now have 0/8 mp.
Okay, then.
You hit the crimson imp but do no damage.
The crimson imp blinks!
You are too injured to fight recklessly!
The crimson imp hits you.
* * * LOW HITPOINT WARNING * * *
You take 2 damage, and have 4/42 hp.
You miss the crimson imp. You hit the crimson imp. The crimson imp misses you.
You hit the crimson imp.
Your magical infusion is running out.
The crimson imp misses you.
You closely miss the crimson imp. The crimson imp closely misses you.
You barely miss the crimson imp.
The crimson imp shouts, "Remove thy stench, thou rough-hewn weather-bitten zombie-fodder!"
The crimson imp blinks!
You hit the crimson imp. The crimson imp barely misses you.
You hit the crimson imp. The crimson imp barely misses you.
You now have 0/8 mp.
You completely miss the crimson imp.
You are no longer magically infusing your attacks.
The crimson imp hits you.
* * * LOW HITPOINT WARNING * * *
You take 1 damage, and have 4/42 hp.
You hit the crimson imp but do no damage.
The crimson imp hits you.
* * * LOW HITPOINT WARNING * * *
You take 1 damage, and have 3/42 hp.
You closely miss the crimson imp. You closely miss the crimson imp.
The crimson imp misses you.
You hit the crimson imp. The crimson imp misses you.
You closely miss the crimson imp. The crimson imp closely misses you.
You hit the crimson imp. The crimson imp barely misses you.
You begin infusing your attacks with magical energy.
The crimson imp barely misses you.
You now have 0/8 mp.
You hit the crimson imp but do no damage.
The crimson imp completely misses you.
You hit the crimson imp. The crimson imp misses you.
You closely miss the crimson imp. The crimson imp hits you.
* * * LOW HITPOINT WARNING * * *
You take 2 damage, and have 2/42 hp.
You barely miss the crimson imp. You barely miss the crimson imp.
The crimson imp blinks!
You closely miss the crimson imp. The crimson imp closely misses you.
You closely miss the crimson imp. The crimson imp misses you.
You hit the crimson imp. The crimson imp hits you.
You die...

.....5.....%...#
.....##...##...#####
..........##.......#
.#####.....+.......#
.# #....##.......#
.#####....###......#
.......#### #......#
######## #...5..#
#...@..# #......#
#......# ########


You could see a crimson imp.

Vanquished Creatures
  A hound (D:3)
  An orc wizard (D:3)
  3 adders
  2 worms (D:2)
  10 dart slugs
  A giant gecko (D:2)
  3 orcs (D:3)
  5 bats
  2 giant cockroaches
  7 goblins
  9 hobgoblins
  6 jackals
  A giant newt (D:1)
  9 kobolds
  8 rats
68 creatures vanquished.

Notes
Turn   | Place    | Note
--------------------------------------------------------------
     0 | D:1      | tyvek the Merfolk Skald began the quest for the Orb.
     0 | D:1      | Reached XP level 1. HP: 16/16 MP: 3/3
   162 | D:1      | Reached skill level 2 in Dodging
   166 | D:1      | Reached XP level 2. HP: 9/23 MP: 0/5
   861 | D:1      | Learned a level 2 spell: Song of Slaying
   864 | D:1      | Learned a level 2 spell: Shroud of Golubria
   922 | D:1      | Reached XP level 3. HP: 28/28 MP: 6/6
  1090 | D:1      | HP: 7/28 [poisoned by an adder]
  1203 | D:1      | Reached skill level 3 in Fighting
  1339 | D:2      | Found an opulent altar of Gozag.
  1381 | D:2      | Found a snail-covered altar of Cheibriados.
  1833 | D:2      | Reached XP level 4. HP: 28/35 MP: 2/7
  2325 | D:2      | Reached skill level 3 in Dodging
  2347 | D:2      | Reached skill level 4 in Polearms
  2402 | D:2      | Found a glowing golden altar of the Shining One.
  2402 | D:2      | Found a glowing silver altar of Zin.
  2671 | D:3      | Found a shimmering altar of Xom.
  2671 | D:3      | Found a shimmering altar of Xom.
  2671 | D:3      | Found a shimmering altar of Xom.
  2671 | D:3      | Found a shimmering altar of Xom.
  2682 | D:3      | Found a shimmering altar of Xom.
  2807 | D:3      | Found a faded altar to an unknown god.
  2855 | D:3      | Reached skill level 4 in Charms
  2855 | D:3      | Reached XP level 5. HP: 13/41 MP: 0/8
  2855 | D:3      | HP: 9/41 [orc/club (4)]
  3103 | D:3      | Learned a level 3 spell: Regeneration
  3142 | D:3      | HP: 9/41 [hound (6)]
  3147 | D:3      | HP: 8/41 [adder (1)]
  3175 | D:3      | HP: 8/42 [crimson imp (3)]
  3205 | D:3      | HP: 8/42 [crimson imp (3)]
  3210 | D:3      | HP: 6/42 [crimson imp (2)]
  3235 | D:3      | HP: 8/42 [crimson imp (2)]
  3241 | D:3      | HP: 6/42 [crimson imp (1)]
  3252 | D:3      | HP: 6/42 [crimson imp (1)]
  3274 | D:3      | HP: 5/42 [crimson imp (2)]
  3285 | D:3      | HP: 4/42 [crimson imp (2)]
  3294 | D:3      | HP: 4/42 [crimson imp (1)]
  3304 | D:3      | HP: 2/42 [crimson imp (2)]
  3310 | D:3      | Slain by a crimson imp

Vault maps used:
D:1:      lemuel_arrival_broad_hall, minmay_close_crescents
D:2:      grunt_gozag_statues, nicolae_overflow_hidden_temple, first_bread,
          grunt_ministairs_1
D:3:      kennysheep_slugbush, lemuel_blue_sif_altar, ecumenical_altar_2,
          xom_redecorated

Skill      XL: |  1  2  3  4 |
---------------+-------------+-----
Dodging        | 2 3 |  3.6
Fighting       | 3 |  3.7
Polearms       | 4 |  4.4
Charms         | 4 |  4.2
Armour         | |  0.6
Spellcasting   | |  2.2

Action                   |  1- 3 |  4- 6 || total
-------------------------+-------+-------++-------
Melee: Spear             |   124 |   268 ||   392
       Tailslap          |       |     1 ||     1
 Cast: Infusion          |     6 |     7 ||    13
       Song of Slaying   |       |     2 ||     2
       Regeneration      |       |     1 ||     1
  Use: Scroll            |     4 |     5 ||     9
       Potion            |     3 |       ||     3
  Eat: Chunk             |     2 |     5 ||     7
       Beef jerky        |     1 |       ||     1
Armor: Leather armour    |    31 |    33 ||    64
Dodge: Dodged            |    63 |   133 ||   196

Vault maps used:
D:1:      lemuel_arrival_broad_hall, minmay_close_crescents
D:2:      grunt_gozag_statues, nicolae_overflow_hidden_temple, first_bread,
          grunt_ministairs_1
D:3:      kennysheep_slugbush, lemuel_blue_sif_altar, ecumenical_altar_2,
          xom_redecorated

Table legend:
 A = Turns spent in this place as a percentage of turns spent in the entire game.
 B = Non-inter-level travel turns spent in this place as a percentage of non-inter-level travel turns spent in the entire game.
 C = Inter-level travel turns spent in this place as a percentage of turns spent in this place.
 D = Turns resting spent in this place as a percentage of non-inter-level travel turns spent in this place.
 E = Turns spent auto-exploring this place as a percentage of non-inter-level travel turns spent in this place.
 F = Non-inter-level travel turns spent in this place divided by the number of levels of this place that you've seen.
                   A       B       C       D       E      F
               +-------+-------+-------+-------+-------+----------------------
         Total | 100.0 | 100.0 |   0.4 |   3.7 |  10.3 | 327.7
       Dungeon | 100.0 | 100.0 |   0.4 |   3.7 |  10.3 | 327.7
               +-------+-------+-------+-------+-------+----------------------

Table legend:
 A = Kills in this place as a percentage of kills in entire the game.
 B = Kills by you in this place as a percentage of kills by you in the entire game.
 C = Kills by friends in this place as a percentage of kills by friends in the entire game.
 D = Other kills in this place as a percentage of other kills in the entire game.
 E = Experience gained in this place as a percentage of experience gained in the entire game.
 F = Experience gained in this place divided by the number of levels of this place that you have seen.
                   A       B       C       D       E      F
               +-------+-------+-------+-------+-------+----------------------
         Total | 100.0 | 100.0 |  -nan |  -nan | 100.0 |  86.7
       Dungeon | 100.0 | 100.0 |  -nan |  -nan | 100.0 |  86.7
               +-------+-------+-------+-------+-------+----------------------
